 Dungeon Crawl Stone Soup version 0.31-a0-164-g2312942fda (webtiles) character file.

Game seed: 1376780051832322871

751 qw the Skirmisher (level 7, -5/44 HPs)
             Began as a Gargoyle Hunter on June 13, 2023.
             Slain by a lemure (8 damage)
             ... led by Pikel
             ... on level 5 of the Dungeon.
             The game lasted 00:01:26 (3351 turns).

qw the Skirmisher (Gargoyle Hunter)                 Turns: 3351, Time: 00:01:26

Health: -5/44      AC: 10    Str: 14    XL:     7   Next: 78%
Magic:  7/7        EV: 10    Int: 10    God:
Gold:   154        SH:  0    Dex: 15    Spells: 6/6 levels left

rFire   . . .        Y - +1 shortbow
rCold   . . .        (shield currently unavailable)
rNeg    + . .        f - +0 ring mail
rPois   inf          (no helmet)
rElec   +            (no cloak)
rCorr   .            (no gloves)
SInv    .            (no boots)
Will    .....        (no amulet)
Stlth   +            (no ring)
HPRegen 0.27/turn    (no ring)
MPRegen 0.10/turn

%: no passive effects
@: no status effects
A: sickness immunity, AC +4, negative energy resistance 1, electricity
resistance, torment resistance 1, petrification resistance
a: no special abilities


You were on level 5 of the Dungeon.
You visited 1 branch of the dungeon, and saw 5 of its levels.

You collected 154 gold pieces.


Innate Abilities, Weirdness & Mutations

You are immune to sickness and miasma.
Your stone body is resilient. (AC +4)
You are immune to poison.
You resist negative energy. (rN+)
You are resistant to electric shocks. (rElec)
You are resistant to unholy torment.
You are immune to petrification.


   Skills:
 - Level 5.2 Fighting
 - Level 8.0 Ranged Weapons
 - Level 1.2 Armour
 + Level 1.5 Dodging
 - Level 1.1 Stealth


You had 6 spell levels left.
You didn't know any spells.
Your spell library was empty.

Inventory:

Hand Weapons
 Y - a +1 shortbow (weapon)
Armour
 f - a +0 ring mail (worn)
Potions
 a - a potion of invisibility {unknown}
 c - a potion of enlightenment {unknown}
 d - 2 potions of lignification
 g - a potion of mutation {unknown}
 j - a potion of attraction {unknown}

Dungeon Overview and Level Annotations

Branches:
Dungeon (5/15)
 Temple: D:4-7

Altars:
Dithmenos
Yredelemnul

Shops:
D:2 =

Annotations:
D:5 Pikel


Message History

The lemure barely misses you.
Pikel hits you with a +2 whip of electrocution.
The lemure closely misses you. The lemure hits you.
You shoot an arrow. The arrow barely misses the lemure.
Pikel hits you with a +2 whip of electrocution.
The lemure barely misses you. The lemure hits you but does no damage.
The lemure barely misses you. x2; Pikel barely misses you.
The lemure barely misses you. The lemure closely misses you.
You shoot an arrow. The arrow barely misses the lemure.
The lemure hits you but does no damage. Pikel hits you but does no damage.
The lemure barely misses you.
You shoot an arrow. The arrow hits the lemure!
You kill the lemure!
That felt strangely unrewarding.
The lemure hits you but does no damage. Pikel closely misses you.
The lemure closely misses you.
You shoot an arrow. The arrow closely misses Pikel.
Pikel hits you with a +2 whip of electrocution.
The lemure hits you. The lemure closely misses you.
The lemure barely misses you.
You shoot an arrow.
The arrow hits Pikel but does no damage.
Pikel is lightly wounded.
Pikel hits you but does no damage. The lemure barely misses you.
The lemure hits you but does no damage. x2
You shoot an arrow. The arrow hits Pikel.
Pikel is lightly wounded.
Pikel hits you with a +2 whip of electrocution!
The lemure hits you. x3
You shoot an arrow. The arrow hits Pikel.
Pikel is moderately wounded.
The lemure hits you! Pikel hits you but does no damage.
The lemure completely misses you. The lemure hits you.
You shoot an arrow. The arrow closely misses Pikel.
The lemure hits you. Pikel closely misses you.
The lemure hits you but does no damage. The lemure misses you.
You shoot an arrow. The arrow closely misses Pikel.
The lemure closely misses you. Pikel completely misses you.
The lemure hits you but does no damage. The lemure hits you!
You die...

#......#
#......#
#......## .
#........
..######........
#...............
#......5K.......
#......5@5..#
#...........#
##+#####<...#
#....# #........
#........
.........
.........
.........


You could see Pikel and 3 lemures.

Vanquished Creatures
  Grinder (D:4)
  Sigmund (D:2)
  Duvessa (D:4)
  A lemure (D:5)
  Dowan (D:4)
  2 orc priests (D:4)
  An iguana (D:4)
  2 orc wizards (D:4)
  2 adders
  4 gnolls
  2 adder zombies (D:3)
  4 orcs (D:4)
  7 endoplasms
  3 giant cockroaches
  3 hobgoblins
  10 jackals
  6 kobolds
  4 quokkas
  5 ball pythons
  A bat (D:2)
  A giant cockroach zombie (D:3)
  5 goblins
  A quokka zombie (D:3)
  3 rats
71 creatures vanquished.

Notes
Turn   | Place    | Note
-------+----------+-------------------------------------------
     0 | D:1      | qw the Gargoyle Hunter began the quest for the Orb.
     0 | D:1      | Reached XP level 1. HP: 12/12 MP: 1/1
     0 | D:1      | 0 ||| qw: Version: 0.2-a-29-gc1b59c4
     0 | D:1      | 0 ||| qw: Game counter: 4524
     0 | D:1      | 0 ||| qw: Always use a shield: true
     0 | D:1      | 0 ||| qw: God list: Okawaru
     0 | D:1      | 0 ||| qw: Allow faded altars: false
     0 | D:1      | 0 ||| qw: Do Orc after D:15 true
     0 | D:1      | 0 ||| qw: Do second Lair branch before Depths: true
     0 | D:1      | 0 ||| qw: Lair rune preference: random
     0 | D:1      | 0 ||| qw: Plans: Normal, Zot:1-4, Slime:5, God:TSO, Crypt,
                  | Tomb, Abyss, Pan, Hells, Win
     0 | D:1      | 0 ||| PLANNING D:1-11
    36 | D:1      | 36 ||| FLEEEEING.
    37 | D:1      | 37 ||| FLEEEEING.
   109 | D:1      | Reached XP level 2. HP: 17/17 MP: 2/2
   195 | D:1      | HP: 4/17 [jackal (2)]
   327 | D:1      | Reached XP level 3. HP: 21/21 MP: 3/3
   521 | D:1      | Reached skill level 5 in Ranged Weapons
   535 | D:1      | 535 ||| UPGRADING to +0 ring mail.
   545 | D:1      | 545 ||| DROPPING +0 leather armour.
   546 | D:1      | 546 ||| DRINKING 2 ruby potions.
   576 | D:1      | 576 ||| DROPPING scroll of butterflies.
   696 | D:2      | Reached skill level 1 in Armour
   712 | D:2      | Found Gikex's Jewellery Shop.
   715 | D:2      | 715 ||| SHOPLISTING +4 ring of protection (432 gold, have
                  | 74).
   715 | D:2      | 715 ||| SHOPLISTING amulet of regeneration (360 gold, have
                  | 74).
   715 | D:2      | 715 ||| SHOPLISTING ring of ice (300 gold, have 74).
   715 | D:2      | 715 ||| SHOPLISTING ring of protection from cold (300 gold,
                  | have 74).
   715 | D:2      | 715 ||| SHOPLISTING ring of protection from fire (300 gold,
                  | have 74).
   798 | D:2      | Noticed Sigmund
   800 | D:2      | 800 ||| FLEEEEING.
   801 | D:2      | 801 ||| FLEEEEING.
   802 | D:2      | 802 ||| FLEEEEING.
   803 | D:2      | 803 ||| FLEEEEING.
   804 | D:2      | 804 ||| FLEEEEING.
   805 | D:2      | 805 ||| FLEEEEING.
   806 | D:2      | 806 ||| FLEEEEING.
   809 | D:2      | 809 ||| STAIRDANCE
   839 | D:2      | 839 ||| STAIRDANCE
   841 | D:2      | 841 ||| STAIRDANCE
   876 | D:2      | 876 ||| STAIRDANCE
   884 | D:2      | 884 ||| STAIRDANCE
   915 | D:2      | 915 ||| STAIRDANCE
   925 | D:2      | Killed Sigmund
   926 | D:2      | Reached XP level 4. HP: 31/31 MP: 4/4
   926 | D:2      | Reached XP level 5. HP: 35/35 MP: 5/5
  1443 | D:2      | 1443 ||| READING 2 scrolls labelled PUTOBRU ESI.
  1444 | D:2      | 1444 ||| READING scroll labelled ZINWUA CO ARGHI.
  1445 | D:2      | 1445 ||| READING scroll labelled ZUZUSO QELY.
  1446 | D:2      | 1446 ||| READING scroll labelled XEXYOCHELEO.
  1447 | D:2      | 1447 ||| READING scroll labelled XUASTAZOTO.
  1448 | D:2      | 1448 ||| DROPPING scroll of fear.
  1540 | D:3      | Found a shadowy altar of Dithmenos.
  1906 | D:3      | Reached XP level 6. HP: 38/40 MP: 6/6
  1917 | D:3      | Found a basalt altar of Yredelemnul.
  2095 | D:3      | 2095 ||| READING 2 scrolls labelled LACVEANT KIBOE.
  2096 | D:3      | 2096 ||| READING scroll labelled NOICWALOWK.
  2097 | D:3      | 2097 ||| DROPPING scroll of noise.
  2151 | D:4      | HP: 6/40 [gnoll/+0 spear (5)]
  2156 | D:4      | 2156 ||| FLEEEEING.
  2157 | D:4      | 2157 ||| FLEEEEING.
  2158 | D:4      | 2158 ||| FLEEEEING.
  2159 | D:4      | 2159 ||| FLEEEEING.
  2160 | D:4      | 2160 ||| FLEEEEING.
  2161 | D:4      | 2161 ||| STAIRDANCE
  2293 | D:4      | 2293 ||| STAIRDANCE
  2555 | D:4      | Reached skill level 6 in Ranged Weapons
  2678 | D:4      | 2678 ||| Stepping ~*~*~tactically~*~*~ (outnumbered).
  2697 | D:4      | HP: 9/40 [something (4)]
  2699 | D:4      | HP: 3/40 [something (5)]
  2862 | D:4      | 2862 ||| READING scroll labelled NIGEIRUNUE.
  2881 | D:5      | Entered Level 5 of the Dungeon
  2881 | D:5      | Noticed Duvessa
  2881 | D:5      | Noticed Dowan
  2881 | D:5      | Noticed Grinder
  2884 | D:5      | 2884 ||| STAIRDANCE
  2901 | D:5      | 2901 ||| STAIRDANCE
  2938 | D:5      | 2938 ||| STAIRDANCE
  3009 | D:5      | Paralysed by Grinder for 4 turns
  3013 | D:5      | 3013 ||| STAIRDANCE
  3049 | D:5      | 3049 ||| STAIRDANCE
  3058 | D:4      | Killed Duvessa
  3059 | D:4      | Reached skill level 7 in Ranged Weapons
  3059 | D:4      | Reached XP level 7. HP: 16/44 MP: 7/7
  3068 | D:4      | Killed Dowan
  3192 | D:5      | 3192 ||| STAIRDANCE
  3202 | D:4      | Paralysed by Grinder for 2 turns
  3220 | D:4      | HP: 8/44 [Grinder (6)]
  3221 | D:4      | 3221 ||| DRINKING potion of heal wounds.
  3225 | D:4      | Killed Grinder
  3226 | D:4      | Reached skill level 8 in Ranged Weapons
  3334 | D:5      | Noticed Pikel
  3349 | D:5      | HP: 7/44 [lemure[Pikel] (7)]
  3350 | D:5      | HP: 3/44 [lemure[Pikel] (2)]
  3351 | D:5      | Slain by a lemure

Levels and vault maps discovered:
D:1:      dpeg_arrival_round_c, layout_basic
D:2:      layout_loops_ring, serial_shops, nicolae_shop_behind_doors,
          minmay_tree_intersection, chequers_big_river, uniq_sigmund
D:3:      layout_basic, nicolae_yredelemnul_corpse_copse, grunt_dithmenos_smoke,
          ebering_dispersal_statue_hall
D:4:      layout_basic, gammafunk_ghost_split
D:5:      layout_gridville, nicolae_wu_jian_immortal_techniques, uniq_duvessa,
          uniq_pikel, uniq_grinder

Skill      XL: |  1  2  3  4  5  6  7 |
---------------+----------------------+-----
Ranged Weapons | 5 7 8 |  8.0
Armour         | 1 |  1.2
Fighting       | 5 |  5.2
Dodging        | |  1.5
Stealth        | |  1.1

Action                     |  1- 3 |  4- 6 |  7- 9 || total
---------------------------+-------+-------+-------++-------
   Fire: Shortbow          |   102 |   162 |    62 ||   326
    Use: Potion            |     1 |       |     1 ||     2
         Scroll            |       |     8 |       ||     8
 Armour: Leather armour    |    17 |       |       ||    17
         Ring mail         |     1 |    56 |    22 ||    79
  Dodge: Dodged            |    41 |    47 |    33 ||   121

Table legend:
 A = Non-vault XP
 B = Vault XP
 C = Vault XP percentage of total XP
 D = Non-vault monster count
 E = Vault monster count
 F = Vault count percentage of total count
                 A         B        C        D         E       F
            +---------+---------+-------+---------+---------+-------
      Total |     368 |     705 |  65.7 |      62 |       8 |  11.4
            +---------+---------+-------+---------+---------+-------
        D:1 |      39 |       0 |   0.0 |      22 |       0 |   0.0
        D:2 |      43 |     223 |  83.8 |      17 |       1 |   5.6
        D:3 |      35 |      13 |  27.1 |       7 |       4 |  36.4
        D:4 |     251 |     469 |  65.1 |      16 |       3 |  15.8
            +---------+---------+-------+---------+---------+-------
